Map: Lightshade LE

Players

Neeb - Winner!

  • Race: Protoss Protoss
  • Spawn Location: 5:00

MaSa

  • Race: Terran Terran
  • League: Master
  • Spawn Location: 11:00

Event: DreamHack SC2 Masters 2020 Winter

VOD

Have the link to the VOD?

Description

Time

  • Played on: Oct. 31, 2020, 4:37 p.m.
  • Length: 4:24

All games in this series

Show
View Real Time Build Order
Export as new Build Order

Neeb Protoss - Winner!

Build Orders: 1 Gate Expand 

Get SALT Encoding   

  12  0:00  Probe  
  13  0:12  Probe  
  14  0:17  Pylon  
  14  0:24  Probe (Chrono Boost)  
  15  0:36  Probe (Chrono Boost)  
  15  0:37  Gateway  
  16  0:45  Probe (Chrono Boost)  
  16  0:46  Assimilator  
  17  0:51  Probe  
  18  1:03  Probe  
  19  1:15  Probe  
  20  1:25  Cybernetics Core  
  20  1:33  Nexus  
  20  1:35  Probe  
  21  1:42  Pylon  
  21  1:48  Assimilator  
  21  1:49  Probe  
  22  1:59  Adept (Chrono Boost)  
  22  2:04  Shield Battery  
  22  2:06  Probe  
  25  2:11  Warp Gate  
  25  2:18  Probe  
  25  2:19  Adept (Chrono Boost)  
  28  2:30  Probe  
  28  2:33  Robotics Facility  
  29  2:42  Probe  
  30  2:46  Probe  
  30  2:48  Stalker  
  33  2:58  Shield Battery  
  33  3:03  Shield Battery  
  32  3:11  Probe  
  33  3:16  Stalker (Chrono Boost)  
  33  3:17  Probe  
  36  3:23  Observer  
  36  3:25  Probe (Chrono Boost)  
  36  3:29  Probe (Chrono Boost)  
  37  3:40  Probe (Chrono Boost)  
  39  3:41  Probe (Chrono Boost)  
  39  3:46  Gateway x2, Probe (Chrono Boost)  
  42  3:58  Pylon  
  43  4:08  Stalker  
Show
View Real Time Build Order
Export as new Build Order

MaSa Terran 

Build Orders:  

Get SALT Encoding   

  12  0:00  SCV  
  13  0:12  SCV  
  14  0:18  Supply Depot  
  14  0:24  SCV  
  15  0:39  SCV  
  15  0:40  Barracks  
  16  0:45  Refinery  
  16  0:51  Refinery  
  16  0:56  SCV  
  17  1:11  SCV  
  17  1:14  Barracks  
  18  1:23  SCV  
  18  1:35  SCV  
  19  1:52  Orbital Command, Reaper  
  20  1:58  Factory  
  20  2:04  Supply Depot  
  20  2:08  Reaper  
  21  2:20  Bunker  
  21  2:23  SCV  
  22  2:35  SCV  
  23  2:42  Barracks Tech Lab  
  23  2:47  Starport, SCV  
  23  2:49  Hellion  
  23  2:50  Marine  
  26  2:59  SCV  
  27  3:11  SCV  
  30  3:13  Hellion  
  30  3:16  Concussive Shells, Marauder  
  29  3:25  Supply Depot  
  28  3:35  Medivac  
  28  3:40  SCV  
  31  3:47  Marauder, Hellion  
  35  3:51  Barracks Reactor  
  35  3:53  SCV  
  37  4:11  SCV  
Tags
 
Add a new tag
Caveats
  • Supply blocks, unpowered buildings, or Contaminate may cause inaccurate times.
  • Supply counts are checked every 10 seconds.